 Dungeon Crawl Stone Soup version 0.28.0-53-g5a82cb258f (webtiles) character file.

Game seed: 16784859056766912763

9 MiltankisOP the Skirmisher (level 2, 18/24 HPs)
             Began as a Demonspawn Cinder Acolyte on June 14, 2022.
             Was a High Priest of Ignis.
             Quit the game on level 1 of the Dungeon.
             The game lasted 00:01:34 (274 turns).

MiltankisOP the Skirmisher (DsCA)                    Turns: 274, Time: 00:01:34

Health: 18/24      AC:  2    Str: 14    XL:     2   Next: 3%
Magic:  3/3        EV: 11    Int: 15    God:    Ignis [*****.]
Gold:   33         SH:  0    Dex:  8    Spells: 3/3 levels left

rFire   + . .      SeeInvis .   a - -1 hand axe (flame)
rCold   . . .      Faith    .   (no shield)
rNeg    . . .      Spirit   .   b - +0 robe
rPois   .          Reflect  .   (no helmet)
rElec   .          Harm     .   (no cloak)
rCorr   .          Rampage  .   (no gloves)
Will    .....                   (no boots)
Stlth   +.........              (no amulet)
HPRegen 0.08/turn               (no ring)
MPRegen 0.08/turn               (no ring)

@: no status effects
A: powered by death 1
a: Renounce Religion, Fiery Armour, Foxfire Swarm


You were on level 1 of the Dungeon.
You worshipped Ignis.
Ignis was extremely pleased with you.
You visited 1 branch of the dungeon, and saw 2 of its levels.

You collected 33 gold pieces.

Inventory:

Hand Weapons
 a - a -1 hand axe of flaming (weapon)
Armour
 b - a +0 robe (worn)
Potions
 c - a potion of curing {unknown}


   Skills:
 + Level 3.1 Fighting
 + Level 2.9 Axes
 + Level 0.1 Dodging
 + Level 1.0 Spellcasting
 + Level 2.8 Fire Magic


You had 3 spell levels left.
You didn't know any spells.
Your spell library contained the following spells:

 Spells                   Type           Power      Damage    Failure   Level
 Scorch                   Fire           18%        2d6       12%         2


Dungeon Overview and Level Annotations

Branches:
Dungeon (2/15)

Altars:


Innate Abilities, Weirdness & Mutations

You regenerate a little health from kills.


Message History

No target in view!
Found 27 bolts.
No target in view!
Found a stone staircase leading down.
A goblin comes into view. It is wielding a +0 club.
You see here 27 bolts.
There is a stone staircase leading down here.
You climb downwards.
There is a stone staircase leading up here.
You begin to rise into the air.
A ball python comes into view.
With a burst of heat and light, you rocket upward!
A rat and 2 kobolds come into view.
The kobold shouts! x2; You hear a shout!
The kobold hits you with a +0 dagger.
There is a shaft here.
You hit the kobold. You burn the kobold.
You kill the kobold!
You closely miss the rat. You closely miss the kobold.
The kobold closely misses you. The rat bites you but does no damage.
The rat bites you. The kobold hits you with a +0 dagger.
You closely miss the rat. You barely miss the kobold.
The kobold closely misses you. The rat closely misses you.
You hit the rat. You burn the rat.
You kill the rat!
You hit the kobold. You burn the kobold. The kobold barely misses you.
You hit the kobold. You burn the kobold.
You kill the kobold!
A ball python comes into view.
Things that are here:
a +0 dagger; 5 stones The ball python hisses angrily.
The ball python bites you. The ball python misses you.
You closely miss the ball python. The ball python barely misses you. x2
You hit the ball python. You burn the ball python.
You kill the ball python!
You have reached level 2!
Your demonic ancestry asserts itself...
A wave of death washes over you.
Are you sure you want to abandon this character and quit the game? (Confirm with "yes".)

#..## #..## ##
#####...# #.
..........
#.###
######....
...## ##...
... ##.. #.#
##. #@# ## #.#
# #.######)#
#.....)^.#
#......†.....#
#
########.#####
#. #.# #.. #.#
... #.. ...


There were no monsters in sight!

Vanquished Creatures
  A ball python (D:1)
  A bat (D:1)
  A goblin (D:1)
  4 kobolds (D:1)
  2 rats (D:1)
9 creatures vanquished.

Notes
Turn   | Place    | Note
-------+----------+-------------------------------------------
     0 | D:1      | MiltankisOP the Demonspawn Cinder Acolyte began the quest
                  | for the Orb.
     0 | D:1      | Reached XP level 1. HP: 18/18 MP: 2/2
   274 | D:1      | Gained mutation: You regenerate a little health from kills.
                  | [demonic ancestry]
   274 | D:1      | Reached XP level 2. HP: 18/24 MP: 3/3
   274 | D:1      | Quit the game

Illustrated notes

Levels and vault maps discovered:
D:1:      psy_arrival_spokes, layout_loops_ring
D:2:      layout_loops_ring, uniq_robin

Action                   || total
-------------------------++-------
Melee: Hand axe          ||    14
Invok: Rising Flame      ||     1
Armor: Robe              ||     2
Dodge: Dodged            ||     9
